 Dungeon Crawl Stone Soup version 0.24-a0-228-g05560da (webtiles) character file.

Game seed: 8508453446664523210

6279 Azzok the Slicer (level 10, 0/64 HPs)
             Began as a Gargoyle Fighter on Apr 1, 2019.
             Was an Elder of Uskayaw.
             Slain by a slime creature (7 damage)
             ... on level 10 of the Dungeon.
             The game lasted 00:18:10 (9104 turns).

Azzok the Slicer (Gargoyle Fighter)                 Turns: 9104, Time: 00:18:11

Health: 0/64       AC: 25    Str: 23    XL:     10   Next: 94%
Magic:  10/10      EV:  7    Int:  9    God:    Uskayaw [****..]
Gold:   936        SH: 12    Dex:  9    Spells: 9/9 levels left

rFire    . . .     SeeInvis .   O - +3 dagger (chaos)
rCold    . . .     Gourm    .   c - +1 shield
rNeg     + . .     Faith    .   z - +0 plate armour
rPois    ∞         Spirit   .   (no helmet)
rElec    +         Reflect  .   w - +0 cloak
rCorr    .         Harm     .   N - +2 pair of gloves
MR       .....                  (no boots)
Stlth    ..........             x - amulet of the acrobat
HPRegen  0.20/turn              s - ring of attention (curse)
MPRegen  0.12/turn              q - +3 ring of slaying

@: no status effects
A: negative energy resistance 1, electricity resistance, unbreathing,
petrification resistance, rot immunity, AC +7
a: Stomp, Line Pass, Renounce Religion


You were on level 10 of the Dungeon.
You worshipped Uskayaw.
Uskayaw was noncommittal.
You were hungry.

You visited 2 branches of the dungeon, and saw 13 of its levels.
You also visited: Ossuary.

You collected 936 gold pieces.

Inventory:

Hand Weapons
 a - a +0 rapier
 M - a +3 dagger of venom
 O - a +3 dagger of chaos (weapon)
Missiles
 l - a throwing net (quivered)
Armour
 c - a +1 shield (worn)
 w - a +0 cloak (worn)
 z - a +0 plate armour (worn)
 N - a +2 pair of gloves (worn)
Jewellery
 h - an uncursed ring of see invisible
 q - a +3 ring of slaying (right hand)
 s - a cursed ring of attention (left hand)
 x - an amulet of the acrobat (around neck)
 C - a +6 ring of dexterity
 K - an uncursed ring of protection from magic
 Q - an uncursed ring of poison resistance {unknown}
Wands
 d - a wand of polymorph (20)
 n - a wand of digging (5)
 t - a wand of iceblast (24)
 J - a wand of paralysis (5)
Scrolls
 b - 8 scrolls of remove curse {unknown}
 g - 7 scrolls of teleportation {unknown}
 j - 2 scrolls of fear
 m - 2 scrolls of magic mapping {unknown}
 u - 8 scrolls of amnesia
 y - a scroll of brand weapon {unknown}
 A - a scroll of enchant weapon {unknown}
 E - 3 scrolls of immolation
 F - a scroll of fog
 I - 2 scrolls of enchant armour
 P - a scroll of holy word {unknown}
Potions
 e - 4 potions of lignification
 i - 4 potions of haste
 k - 6 potions of curing
 o - 2 potions of ambrosia
 p - 3 potions of heal wounds
 r - a potion of mutation {!q}
 v - a potion of brilliance {unknown}
 B - a potion of berserk rage
 D - a potion of cancellation
 G - 2 potions of agility
 H - a potion of invisibility
 L - 3 potions of might
Comestibles
 f - 22 rations
 R - 2 chunks of flesh


   Skills:
 + Level 7.8 Fighting
 + Level 9.9 Short Blades
 - Level 7.1 Armour
 - Level 4.5 Dodging
 + Level 7.9 Shields


You had 9 spell levels left.
You didn't know any spells.
Your spell library contained the following spells:

 Spells                   Type           Power        Failure   Level  Hunger
 Corona                   Hex            #......      100%        1    ##.....
 Sandblast                Erth           #.....       100%        1    ##.....
 Ensorcelled Hibernation  Hex/Ice        #.....       100%        2    ###....
 Passwall                 Tmut/Erth      #.......     100%        2    ###....
 Confuse                  Hex            #.......     100%        3    ####...
 Dazzling Spray           Conj/Hex       #.....       100%        3    ####...
 Stone Arrow              Conj/Erth      #.....       100%        3    ####...
 Tukima's Dance           Hex            #.......     100%        3    ####...
 Petrify                  Tmut/Erth      #.......     100%        4    #####..
 Lee's Rapid Deconstruct  Erth           #.........   100%        5    ######.


Dungeon Overview and Level Annotations

Branches:
Dungeon (12/15)            Temple (1/1) D:6            Lair (0/6) D:9
    Orc (0/2) D:9

Altars:
Ashenzari
Cheibriados
Dithmenos
Elyvilon
Fedhas
Gozag
Hepliaklqana
Kikubaaqudgha
Makhleb
Nemelex Xobeh
Okawaru
Qazlal
Ru
Sif Muna
Trog
Uskayaw
Vehumet
Wu Jian
Xom
Yredelemnul
Zin
The Shining One

Shops:
D:7 [

Annotations:
D:7 5 transporters


Innate Abilities, Weirdness & Mutations

You are resistant to torment.
Your stone body is resilient. (AC +7)
You are immune to poison.
You resist negative energy. (rN+)
You are resistant to electric shocks. (rElec)
You can survive without breathing.
You are immune to petrification.
You are immune to rotting.


Message History

The large slime creature hits you!!
The slime creature hits you but does no damage.
Your shield prevents you from hitting the large slime creature.
The large slime creature is heavily wounded.
You block the slime creature's attack.
You puncture the large slime creature!
The large slime creature seems to speed up.
The large slime creature is heavily wounded.
The large slime creature closely misses you.
The slime creature hits you but does no damage.
You hit the large slime creature. You freeze the large slime creature.
The large slime creature is heavily wounded.
You block the large slime creature's attack.
You block the slime creature's attack.
You hit the large slime creature.
The large slime creature is heavily wounded.
The large slime creature hits you!!
* * * LOW HITPOINT WARNING * * *
The slime creature hits you!
You die...

▒▒▒···▒▒ ··
▒······▒ ▒(··
▒······▒ ····
▒······▒▒····
▒·····▒···
▒······▒
▒····▒


▒JJJ▒ ▒▒@▒▒ ▒·▒ ▒·▒ ▒·▒ ▒·▒ ▒·▒ ▒·▒ ▒·▒ ▒·▒ You could see a large slime creature
and 2 slime creatures.

Vanquished Creatures
  Pikel (D:9)
  A manticore (D:11)
  Maurice (D:8)
  Joseph (D:8)
  Psyche (D:8)
  A troll (shapeshifter) (D:9)
  2 trolls
  2 slime creatures (D:10)
  2 hippogriffs
  A wyvern (D:9)
  3 sky beasts
  A black bear (D:10)
  An orc warrior (D:8)
  A necrophage (D:9)
  A phantom (D:9)
  A slave (D:9)
  4 ogres
  2 centaurs
  A big kobold (D:9)
  2 bullfrogs
  2 wyvern zombies
  A gnoll sergeant (D:8)
  6 killer bees (D:9)
  2 howler monkeys (D:4)
  5 crimson imps
  A quasit (D:9)
  5 jellies
  A centaur skeleton (D:4)
  A bullfrog skeleton (D:6)
  2 orc priests (D:8)
  2 iguanas
  5 orc wizards
  6 worker ants
  A hound skeleton (D:4)
  9 mummies
  A howler monkey zombie (D:9)
  A worker ant zombie (D:5)
  4 gnolls (D:8)
  9 adders
  2 shadow imps
  9 oozes
  An adder zombie (D:5)
  6 worms
  A dart slug (D:1)
  5 leopard geckos
  16 orcs
  4 giant cockroaches
  3 gnoll zombies (Ossuary)
  2 hobgoblins
  9 jackals
  10 kobolds
  4 quokkas
  3 ball pythons
  6 bats
  2 frilled lizards
  4 goblins
  A hobgoblin zombie (Ossuary)
  2 jackal skeletons
  4 kobold zombies
  2 orc zombies (Ossuary)
  A quokka skeleton (D:4)
  13 rats
204 creatures vanquished.

Vanquished Creatures (others)
  A bat (D:1)
  A rat (D:2)
2 creatures vanquished.

Grand Total: 206 creatures vanquished

Notes
Turn   | Place    | Note
-------+----------+-------------------------------------------
     0 | D:1      | Azzok the Gargoyle Fighter began the quest for the Orb.
     0 | D:1      | Reached XP level 1. HP: 14/14 MP: 1/1
    87 | D:1      | Reached skill level 2 in Short Blades
    95 | D:1      | Reached XP level 2. HP: 19/19 MP: 2/2
   433 | D:1      | Reached skill level 3 in Short Blades
   441 | D:1      | Reached XP level 3. HP: 23/23 MP: 3/3
  1067 | D:2      | Reached XP level 4. HP: 28/28 MP: 4/4
  1534 | D:2      | Reached skill level 4 in Short Blades
  1563 | D:2      | Found a faded altar of an unknown god.
  2563 | D:4      | Reached XP level 5. HP: 30/32 MP: 5/5
  2571 | D:4      | Reached skill level 5 in Short Blades
  2734 | D:4      | Reached XP level 6. HP: 34/37 MP: 6/6
  2853 | D:4      | Found a shimmering altar of Xom.
  2987 | D:5      | Entered Level 5 of the Dungeon
  3081 | D:5      | Reached skill level 6 in Short Blades
  3255 | D:5      | Reached XP level 7. HP: 21/41 MP: 7/7
  3514 | D:5      | Reached skill level 7 in Short Blades
  4258 | D:6      | Reached skill level 8 in Short Blades
  4298 | D:6      | Found a staircase to the Ecumenical Temple.
  4350 | Temple   | Entered the Ecumenical Temple
  4751 | D:6      | Reached XP level 8. HP: 38/46 MP: 8/8
  4874 | D:7      | Reached skill level 1 in Dodging
  5052 | D:7      | Found a transporter.
  5052 | D:7      | Found a transporter.
  5069 | D:7      | Found a transporter.
  5071 | D:7      | Found a transporter.
  5147 | D:7      | Found Gopi's Armour Shoppe.
  5162 | D:7      | Found a sand-covered staircase.
  5170 | Ossuary  | Entered an ossuary
  5533 | D:7      | Noticed a troll
  5535 | D:7      | Found a transporter.
  5536 | D:7      | Noticed a hippogriff
  5577 | D:7      | Found a deep blue altar of Sif Muna.
  5577 | D:7      | Found a white marble altar of Elyvilon.
  5577 | D:7      | Found a snail-covered altar of Cheibriados.
  5958 | D:8      | Noticed Maurice
  6529 | D:8      | Reached XP level 9. HP: 45/52 MP: 9/9
  6847 | D:8      | Reached skill level 5 in Shields
  6848 | D:8      | Noticed Joseph
  6887 | D:8      | Killed Joseph
  6887 | D:8      | Reached skill level 5 in Fighting
  6887 | D:8      | Reached skill level 5 in Armour
  7043 | D:8      | Killed Maurice
  7097 | D:8      | Noticed Psyche
  7108 | D:8      | Killed Psyche
  7108 | D:8      | Reached skill level 9 in Short Blades
  7662 | D:9      | Found a sparkling altar of Nemelex Xobeh.
  7752 | D:9      | Noticed a troll
  7768 | D:9      | Killed a troll
  7768 | D:9      | Reached XP level 10. HP: 46/61 MP: 10/10
  8104 | D:9      | Found a staircase to the Orcish Mines.
  8241 | D:9      | Found a staircase to the Lair.
  8414 | D:9      | Noticed Pikel
  8449 | D:9      | Killed Pikel
  8479 | D:9      | Found a hide-covered altar of Uskayaw.
  8487 | D:9      | Became a worshipper of Uskayaw the Reveler
  8539 | D:9      | Reached * piety under Uskayaw
  8543 | D:9      | Reached ** piety under Uskayaw
  8610 | D:10     | Entered Level 10 of the Dungeon
  8614 | D:10     | You fall through a shaft for 2 floors!
  8659 | D:12     | Reached *** piety under Uskayaw
  8888 | D:11     | Noticed a manticore
  8903 | D:11     | Killed a manticore
  9097 | D:10     | Reached **** piety under Uskayaw
  9104 | D:10     | Slain by a slime creature

Levels and vault maps discovered:
D:1:      mainiacjoe_arrival_reflecting_pool, layout_basic, eino_curves_03
D:2:      layout_basic, chequers_ecumenical_altar_island, lemuel_old_faithful
D:3:      layout_loops_corners
D:4:      layout_rooms, overflow_temple_1_default
D:5:      layout_rooms, first_ration
D:6:      layout_cave_pools, minmay_temple_entry_poolview
D:7:      gammafunk_the_bubble [the_bubble_gammafunk_roulette],
          layout_gridville, gammafunk_temple_overflow_claw,
          nicolae_ossuary_entry_giza, serial_shops, shop
D:8:      layout_loops_ring, hangedman_little_slice_of_home, uniq_psyche,
          uniq_maurice, uniq_joseph
D:9:      layout_basic, lemuel_coloured_pillars_altar,
          nemelex_xobeh_ov_fountains_minmay, lair_entry_dummy, orc_0_dummy,
          uniq_pikel
D:10:     layout_cave_pods
D:11:     layout_roguey
D:12:     layout_loops_cross, serial_shops, nicolae_shop_behind_doors
Temple:   eino_temple_scatter_basement
Ossuary:  ossuary_tomb_3

Skill      XL: |  1  2  3  4  5  6  7  8  9 10 |
---------------+-------------------------------+-----
Short Blades   | 2 3 4 5 6 8 9 |  9.9
Dodging        | 2 3 4 |  4.5
Fighting       | 4 6 7 |  7.8
Shields        | 4 6 7 |  7.9
Armour         | 4 6 7 |  7.1

Action                   |  1- 3 |  4- 6 |  7- 9 | 10-12 || total
-------------------------+-------+-------+-------+-------++-------
Melee: Rapier            |   104 |   211 |   374 |       ||   689
       Dagger            |       |       |   104 |   199 ||   303
  Use: Scroll            |       |    13 |     5 |       ||    18
       Potion            |       |       |     1 |       ||     1
 Stab: Paralysed         |       |       |     1 |     2 ||     3
       Confused          |       |       |       |     1 ||     1
  Eat: Chunk             |     1 |     7 |    11 |     4 ||    23
       Ration            |       |       |     1 |       ||     1
Armor: Scale mail        |    56 |     6 |       |       ||    62
       Chain mail        |       |    73 |   113 |       ||   186
       Plate armour      |       |       |    56 |    69 ||   125
Dodge: Dodged            |    29 |    39 |    90 |    39 ||   197
Block: Shield            |    49 |    71 |   162 |    73 ||   355

Table legend:
 A = Non-vault XP
 B = Vault XP
 C = Vault XP percentage of total XP
 D = Non-vault monster count
 E = Vault monster count
 F = Vault count percentage of total count
                 A         B        C        D         E       F
            +---------+---------+-------+---------+---------+-------
      Total |    6656 |    2315 |  25.8 |     173 |      31 |  15.2
            +---------+---------+-------+---------+---------+-------
        D:1 |      44 |       0 |   0.0 |      21 |       0 |   0.0
        D:2 |      58 |       0 |   0.0 |      17 |       0 |   0.0
        D:3 |      61 |       0 |   0.0 |      22 |       0 |   0.0
        D:4 |     222 |       0 |   0.0 |      12 |       0 |   0.0
        D:5 |     443 |       0 |   0.0 |      20 |       0 |   0.0
        D:6 |     431 |       0 |   0.0 |      15 |       0 |   0.0
        D:7 |     305 |      20 |   6.2 |       5 |       3 |  37.5
        D:8 |     932 |    1506 |  61.8 |      19 |      11 |  36.7
        D:9 |    2465 |     629 |  20.3 |      35 |       1 |   2.8
       D:10 |     639 |       0 |   0.0 |       3 |       0 |   0.0
       D:11 |     510 |       0 |   0.0 |       1 |       0 |   0.0
       D:12 |     546 |       0 |   0.0 |       3 |       0 |   0.0
    Ossuary |       0 |     160 | 100.0 |       0 |      16 | 100.0
            +---------+---------+-------+---------+---------+-------
